 Dungeon Crawl Stone Soup version 0.28.0-43-g3370ac3207 (webtiles) character file.

Game seed: 16221397444289212626

3181 xzight the Cleaver (level 9, -1/59 HPs)
             Began as a Gargoyle Fighter on Mar 7, 2022.
             Was a Believer of Okawaru.
             Slain by Maggie
             ... wielding a +0 broad axe of distortion
              (17 damage)
             ... on level 7 of the Dungeon.
             The game lasted 00:20:18 (8522 turns).

xzight the Cleaver (Gargoyle Fighter)               Turns: 8522, Time: 00:20:19

Health: -1/59      AC: 28    Str: 34    XL:     9   Next: 95%
Magic:  10/11      EV: 10    Int: 14    God:    Okawaru [**....]
Gold:   285        SH:  5    Dex:  7    Spells: 8/8 levels left

rFire   . . .      SeeInvis .   a - +0 war axe
rCold   + . .      Faith    .   c - +0 buckler
rNeg    + . .      Spirit   .   k - +6 chain mail "Edaqus" {rPois Str+4 Int+5 Dex-2}
rPois   ∞          Reflect  .   (helmet restricted)
rElec   +          Harm     .   e - +0 cloak
rCorr   .          Rampage  .   h - +0 pair of gloves
Will    .....                   (no boots)
Stlth   ..........              (no amulet)
HPRegen 0.19/turn               C - ring of protection from cold
MPRegen 0.12/turn               S - +6 ring of strength

@: heroic, marked, unable to read
A: sickness immunity, AC +6, negative energy resistance 1, electricity
resistance, torment resistance 1, petrification resistance, horns 1, inability
to read while threatened
a: Renounce Religion, Heroism


You were on level 7 of the Dungeon.
You worshipped Okawaru.
Okawaru was pleased with you.
You visited 2 branches of the dungeon, and saw 8 of its levels.
You also visited: Ossuary.

You collected 285 gold pieces.


Innate Abilities, Weirdness & Mutations

You are immune to sickness and miasma.
Your stone body is resilient. (AC +6)
You are immune to poison.
You resist negative energy. (rN+)
You are resistant to electric shocks. (rElec)
You are resistant to unholy torment.
You are immune to petrification.
You have a pair of small horns on your head.
You sometimes lose the ability to read scrolls when taking damage.


   Skills:
 + Level 8.0(13.0) Fighting
 * Level 8.8(13.8) Axes
 + Level 7.9(12.9) Armour
 - Level 3.2(8.2) Shields
 + Level 3.3 Invocations


You had 8 spell levels left.
You didn't know any spells.
Your spell library contained the following spells:

 Spells                   Type           Power      Damage    Failure   Level
 Scorch                   Fire           0%         2d5       86%         2
 Flame Wave               Conj/Fire      0%         2d4       100%        4
 Leda's Liquefaction      Hex/Erth       0%         N/A       100%        4
 Lee's Rapid Deconstruct  Erth           0%         3d5*      100%        5
 Statue Form              Tmut/Erth      Unusable   N/A       N/A         6
 Summon Cactus Giant      Summ           Unusable   N/A       N/A         6

Inventory:

Hand Weapons
 a - a +0 war axe (weapon)
Armour
 c - a +0 buckler (worn)
 e - a +0 cloak (worn)
 h - a +0 pair of gloves (worn)
 k - the +6 chain mail "Edaqus" (worn) {rPois Str+4 Int+5 Dex-2}
   (You found it on level 2 of the Dungeon)

   Str:       It affects your strength (+4).
   Int:       It affects your intelligence (+5).
   Dex:       It affects your dexterity (-2).
   rPois:     It protects you from poison.
 r - the +0 cloak of Resourcefulness {Harm rF+ Int+4}
   (You found it on level 5 of the Dungeon)

   Int:       It affects your intelligence (+4).
   rF:        It protects you from fire.
   Harm:      It increases damage dealt and taken.
Magical Staves
 f - a staff of air {!a}
Jewellery
 C - a ring of protection from cold (left hand)
 S - a +6 ring of strength (right hand)
Wands
 j - a wand of flame (29)
 n - a wand of digging (6)
Scrolls
 b - a scroll of noise {unknown}
 g - a scroll of holy word {unknown}
 i - 4 scrolls of fog
 l - a scroll of teleportation {@r2}
 o - 2 scrolls of enchant armour
Potions
 d - 4 potions of might
 m - 2 potions of heal wounds {@q2}
 p - a potion of magic
 q - a potion of haste {@q3}
 t - 2 potions of brilliance
 u - a potion of ambrosia
 v - 2 potions of curing {@q1}

Dungeon Overview and Level Annotations

Branches:
Dungeon (7/15)             Temple (1/1) D:6         Ossuary (visited)

Altars:
Ashenzari
Cheibriados
Elyvilon
Fedhas
Gozag
Hepliaklqana
Kikubaaqudgha
Makhleb
Nemelex Xobeh
Okawaru
Qazlal
Ru
Sif Muna
Trog
Vehumet
Wu Jian
Xom
Yredelemnul
Zin
The Shining One

Shops:
D:1 (

Annotations:
D:7 2 transporters, Harold; Maggie; sanboga's ghost, novice GrFi

# ... .. # # ... ..
.### #.. .###### #.##.
#.. ... <.####.....
.##..###.. .......###
.........####.......#
......@@.......#....##
#@# ##.....### #.#
##<........ #.#
#..#.###### #.#
#.##.#.# # #.#
#.##...# # #.#
#.##...# #.##
##.#..▒.#
#..####....▒▒.#
##.##.....▒▒▒.####


You could see Harold (fast) and Maggie (strong).


Message History

You hit Harold but do no damage. You closely miss the hound.
You block the hound's attack. Harold hits you with a +0 long sword.
You slash Maggie!
Maggie is severely wounded.
You barely miss the hound. You slash Harold! You block the hound's attack.
Harold hits you with a +0 long sword.
You feel threatened and lose the ability to read scrolls!
Maggie gestures at you while chanting.
The bolt of fire hits you but does no damage.
You hit Maggie but do no damage.
Maggie is severely wounded.
You hit Harold. You hit the hound. The hound bites you but does no damage.
Harold hits you with a +0 long sword.
Maggie hits you with a +0 broad axe of distortion!
* * * LOW HITPOINT WARNING * * *
Space warps around you.
* * * LOW HITPOINT WARNING * * *
The hound misses you.
Harold asks, "Do you mind if I name my boat the 'xzight'?
Your head will be paying for it, after all."
Harold hits you but does no damage.
You slash Maggie!
Maggie is almost dead.
You slash Harold! You slice the hound!!
You kill the hound!
Okawaru accepts your kill.
You break out of your daze.
Maggie hits you with a +0 broad axe of distortion!
* * * LOW HITPOINT WARNING * * *
Space warps horribly around you!
You die...

Skill      XL: |  1  2  3  4  5  6  7  8  9 |
---------------+----------------------------+-----
Axes           | 2 3 4 5 7 8 |  8.8
Armour         | 4 5 6 7 |  7.9
Fighting       | 4 5 6 8 |  8.0
Invocations    | 3 |  3.3
Shields        | |  3.2

Action                   |  1- 3 |  4- 6 |  7- 9 || total
-------------------------+-------+-------+-------++-------
Melee: War axe           |    90 |   212 |   406 ||   708
       Headbutt          |       |       |    47 ||    47
Invok: Heroism           |       |       |     1 ||     1
Evoke: Wand              |       |       |     5 ||     5
  Use: Scroll            |       |     4 |     4 ||     8
       Potion            |       |     1 |     8 ||     9
Armor: Scale mail        |    50 |    54 |       ||   104
       Chain mail        |       |    95 |   290 ||   385
Dodge: Dodged            |    57 |    91 |   162 ||   310
Block: Buckler           |    21 |    35 |    71 ||   127

Levels and vault maps discovered:
D:1:      dpeg_arrival_boxorama, layout_basic,
          shapermc_ecumenical_altar_totnotflames, serial_shops,
          nicolae_shop_hallway_plus, wad_floor_pattern_untrapped, st_stairs_10
D:2:      layout_basic, basic_altar, nrook_campfire, uniq_natasha, uniq_jessica
D:3:      layout_loops_ring, minmay_statues_item
D:4:      layout_loops_ring, serial_glass, glass_columns_b, glass_columns_a,
          uniq_eustachio
D:5:      layout_loops_ring, chequers_serial_rivers_small_a,
          uniq_crazy_yiuf_cottage, uniq_prince_ribbit1
D:6:      layout_rooms, minmay_temple_entry_overgrown, serial_corexii_hall,
          corexii_hall_statues_deadend, corexii_hall_statues_l,
          corexii_hall_statues_i, corexii_hall_statues_u
D:7:      layout_rooms, enter_bailey_2, nicolae_ossuary_entry_giza,
          gammafunk_ghost_arena, uniq_harold, uniq_maggie
Temple:   mainiacjoe_temple_big_plus

Notes
Turn   | Place    | Note
-------+----------+-------------------------------------------
     0 | D:1      | xzight the Gargoyle Fighter began the quest for the Orb.
     0 | D:1      | Reached XP level 1. HP: 14/14 MP: 1/1
   212 | D:1      | Reached skill level 2 in Axes
   314 | D:1      | Reached XP level 2. HP: 19/19 MP: 2/2
   346 | D:1      | Found Ylikkofa's Antique Weapon Shop.
   603 | D:1      | Found a faded altar of an unknown god.
   629 | D:1      | Reached XP level 3. HP: 23/23 MP: 3/3
  1183 | D:2      | Noticed Natasha
  1186 | D:2      | Killed Natasha
  1187 | D:2      | Reached skill level 3 in Axes
  1187 | D:2      | Reached XP level 4. HP: 26/29 MP: 4/4
  1467 | D:2      | Found a basalt altar of Yredelemnul.
  1514 | D:2      | Reached skill level 4 in Armour
  1588 | D:2      | Reached skill level 4 in Fighting
  1644 | D:2      | Noticed Natasha
  1653 | D:2      | Killed Natasha
  1681 | D:2      | Noticed Natasha
  1689 | D:2      | Reached XP level 5. HP: 33/33 MP: 5/5
  1699 | D:2      | Killed Natasha
  1770 | D:2      | Noticed Jessica
  1774 | D:2      | Killed Jessica
  1865 | D:2      | Identified the +6 chain mail "Edaqus" {rPois Str+4 Int+5
                  | Dex-2}
  1962 | D:2      | Found a basalt altar of Yredelemnul.
  2497 | D:3      | Reached skill level 4 in Axes
  2502 | D:3      | Reached XP level 6. HP: 25/39 MP: 6/6
  2695 | D:3      | Noticed a black bear
  2702 | D:3      | Killed a black bear
  3522 | D:4      | Noticed Eustachio
  3551 | D:4      | Killed Eustachio
  3552 | D:4      | Reached skill level 5 in Fighting
  3552 | D:4      | Reached skill level 5 in Axes
  3552 | D:4      | Reached skill level 5 in Armour
  3552 | D:4      | Reached XP level 7. HP: 12/44 MP: 7/7
  4280 | D:5      | Entered Level 5 of the Dungeon
  4594 | D:5      | Reached XP level 8. HP: 43/51 MP: 8/8
  4668 | D:5      | Reached skill level 6 in Axes
  4752 | D:5      | Reached skill level 6 in Fighting
  4752 | D:5      | Reached skill level 6 in Armour
  4778 | D:5      | Identified the +0 cloak of Resourcefulness {Harm rF+ Int+4}
  4901 | D:5      | Noticed Prince Ribbit
  4925 | D:5      | HP: 1/51 [Prince Ribbit (13)]
  5240 | D:5      | Killed Prince Ribbit
  5420 | D:5      | Found a runed translucent door.
  5421 | D:5      | Noticed Crazy Yiuf
  5578 | D:5      | Reached skill level 7 in Axes
  5634 | D:5      | HP: 5/52 [centaur/arrow (7)]
  5642 | D:5      | HP: 5/52 [centaur/arrow (4)]
  5646 | D:5      | Gained mutation: You sometimes lose the ability to read
                  | scrolls when taking damage. [potion of mutation]
  5646 | D:5      | Gained mutation: You have a pair of small horns on your
                  | head. [potion of mutation]
  6245 | D:5      | Killed Crazy Yiuf
  6246 | D:5      | Reached XP level 9. HP: 42/56 MP: 9/9
  6468 | D:6      | Reached skill level 7 in Fighting
  6468 | D:6      | Reached skill level 7 in Armour
  6468 | D:6      | Found a staircase to the Ecumenical Temple.
  6557 | Temple   | Entered the Ecumenical Temple
  6952 | Temple   | Became a worshipper of Warmaster Okawaru
  7122 | D:6      | Reached skill level 1 in Invocations
  7432 | D:6      | Reached skill level 8 in Axes
  7718 | D:6      | Reached * piety under Okawaru
  7772 | D:7      | Reached skill level 2 in Invocations
  7782 | D:7      | Found a sand-covered staircase.
  7789 | Ossuary  | Entered an ossuary
  8209 | D:7      | Reached skill level 3 in Invocations
  8226 | D:7      | Found a transporter.
  8227 | D:7      | Noticed a white ugly thing
  8229 | D:7      | Noticed a cyclops
  8230 | D:7      | Noticed sanboga's ghost (novice GrFi)
  8236 | D:7      | Found a transporter.
  8505 | D:7      | Noticed Harold
  8505 | D:7      | Noticed Maggie
  8512 | D:7      | Reached ** piety under Okawaru
  8513 | D:7      | Reached skill level 8 in Fighting
  8522 | D:7      | Slain by Maggie

Vanquished Creatures
  Prince Ribbit (D:5)
  A wyvern (D:7)
  Eustachio (D:4)
  A water moccasin (D:7)
  2 orc warriors (D:6)
  A sky beast (D:7)
  2 black bears
  5 ogres
  2 centaurs
  2 phantoms (D:5)
  A kobold brigand (D:4)
  3 elf zombies (Ossuary)
  A water moccasin zombie (D:5)
  A water moccasin skeleton (D:4)
  2 centaur zombies (Ossuary)
  A jelly (D:6)
  A bullfrog skeleton (D:5)
  A centaur skeleton (D:6)
  2 human zombies (Ossuary)
  3 orc priests
  4 hounds
  Crazy Yiuf (D:5)
  4 iguanas (D:5)
  Jessica (D:2)
  Natasha (thrice) (D:2)
  3 orc wizards
  A killer bee zombie (D:7)
  A hound zombie (D:5)
  3 mummies
  5 adders
  8 gnolls
  2 shadow imps
  An adder zombie (Ossuary)
  2 adder skeletons (D:4)
  A worm (D:2)
  2 dart slugs
  23 orcs
  4 endoplasms
  7 giant cockroaches
  7 goblins
  6 hobgoblins
  2 jackals (D:1)
  2 quokkas
  6 ball pythons
  8 bats
  6 frilled lizards
  3 goblin zombies (Ossuary)
  9 hobgoblin zombies (Ossuary)
  8 kobolds
  12 kobold zombies
  6 orc zombies
  4 rats
  A rat zombie (Ossuary)
190 creatures vanquished.

Table legend: (Time is in decaauts)
 A = Elapsed time spent in this place.
 B = Non-inter-level travel time spent in this place.
 C = Inter-level travel time spent in this place.
 D = Time resting spent in this place.
 E = Time spent auto-exploring this place.
 F = Levels seen in this place.
 G = Mean time per level.
                   A        B        C        D        E       F      G
               +--------+--------+--------+--------+--------+-----+--------+
         Total |   8706 |   8356 |    350 |   2515 |   4059 |   9 |  967.3 |
       Dungeon |   7920 |   7600 |    320 |   2405 |   3598 |   7 | 1131.4 |
        Temple |    425 |    395 |     30 |      0 |    384 |   1 |  425.0 |
       Ossuary |    360 |    360 |      0 |    110 |     77 |   1 |  360.0 |
               +--------+--------+--------+--------+--------+-----+--------+

Top non-repeatable levels by time:
     D:5: 2032 daAuts
     D:4: 1248 daAuts
     D:2: 1228 daAuts
     D:1: 1151 daAuts
     D:6: 915 daAuts
     D:3: 912 daAuts
     D:7: 431 daAuts
  Temple: 425 daAuts
 Ossuary: 360 daAuts

Table legend:
 A = Non-vault XP
 B = Vault XP
 C = Vault XP percentage of total XP
 D = Non-vault monster count
 E = Vault monster count
 F = Vault count percentage of total count
                 A         B        C        D         E       F
            +---------+---------+-------+---------+---------+-------
      Total |    3465 |    1123 |  24.5 |     141 |      49 |  25.8
            +---------+---------+-------+---------+---------+-------
        D:1 |      46 |       2 |   4.2 |      28 |       2 |   6.7
        D:2 |     136 |      73 |  34.9 |      21 |       2 |   8.7
        D:3 |     230 |       0 |   0.0 |      21 |       0 |   0.0
        D:4 |     278 |     185 |  40.0 |      14 |       1 |   6.7
        D:5 |    1115 |     322 |  22.4 |      23 |       2 |   8.0
        D:6 |     903 |       0 |   0.0 |      24 |       0 |   0.0
        D:7 |     757 |      18 |   2.3 |      10 |       3 |  23.1
    Ossuary |       0 |     523 | 100.0 |       0 |      39 | 100.0
            +---------+---------+-------+---------+---------+-------
